 Dungeon Crawl Stone Soup version 0.30-a0-12-gd8047c6341 (webtiles) character file.

Game seed: 1234604348407237449

13542 Newt the Carver (level 11, -13/81 HPs)
             Began as a Demonspawn Gladiator on Aug 23, 2022.
             Was an Initiate of Gozag.
             Mangled by a boulder beetle (26 damage)
             ... on level 11 of the Dungeon.
             The game lasted 00:25:44 (13220 turns).

Newt the Carver (Demonspawn Gladiator)             Turns: 13220, Time: 00:25:46

Health: -13/81     AC:  6    Str: 18    XL:     11   Next: 77%
Magic:  20/20      EV: 14    Int: 13    God:    Gozag
Gold:   1350       SH:  9    Dex: 15    Spells: 19/22 levels left

rFire   + . .      SeeInvis +    W - +9 sword of Zonguldrok {reap}
rCold   + + +      Faith    .    (no shield)
rNeg    . . .      Spirit   .    V - +1 leather armour of Vuecla {Int+3 SInv}
rPois   .          Reflect  +    c - +1 helmet
rElec   .          Harm     .    Q - scarf {rC+ rF+}
rCorr   .          Rampage  .    m - +0 pair of gloves
Will    .....                    (no boots)
Stlth   +++.......               H - amulet of reflection
HPRegen 0.23/turn                f - +4 ring of slaying
MPRegen 0.17/turn                C - ring of protection from cold

@: about to teleport, gold aura, invisible
A: large bone plates 1, powered by pain 2, weakness stinger 1, camouflage 1,
cold resistance 1, deformed body
a: Renounce Religion, Potion Petition, Call Merchant, Bribe Branch


You were on level 11 of the Dungeon.
You worshipped Gozag.
Gozag was most pleased with you.
You visited 2 branches of the dungeon, and saw 12 of its levels.
You also visited: Ice Cave.

You collected 2215 gold pieces.
You spent 749 gold pieces at shops.
You paid 116 gold pieces to Gozag.

Inventory:

Hand Weapons
 s - a +1 demon blade of venom
 F - the +6 rapier of the Dancing Gods {freeze, rPois rC- Int+2}
   (You found it on level 5 of the Dungeon)

   It freezes those it strikes, dealing additional cold damage.
   It can also slow down cold-blooded creatures.
   Int:       It affects your intelligence (+2).
   rC:        It makes you vulnerable to cold.
   rPois:     It protects you from poison.
 W - the +9 sword of Zonguldrok (weapon) {reap}
   (You found it in an ice cave)

   Any living foe damaged by it may be reanimated upon death as a zombie
   friendly to the wielder, with an increasing chance as more damage is dealt.
Missiles
 e - a javelin
 h - 20 poisoned darts
 j - 111 stones
 O - 7 boomerangs (quivered)
 Y - 2 throwing nets
Armour
 b - a +3 chain mail of cold resistance
 c - a +1 helmet (worn)
 d - a +0 leather armour of resistance
 m - a +0 pair of gloves (worn)
 Q - a scarf of resistance (worn)
 V - the +1 leather armour of Vuecla (worn) {Int+3 SInv}
   (You found it in an ice cave)

   Int:       It affects your intelligence (+3).
   SInv:      It lets you see invisible.
Jewellery
 f - a +4 ring of slaying (left hand)
 B - a ring of resist corrosion
 C - a ring of protection from cold (right hand)
 H - an amulet of reflection (around neck)
 K - a ring of see invisible
 L - a ring of poison resistance
Wands
 v - a wand of acid (20)
 y - a wand of polymorph (12)
 D - a wand of mindburst (16)
 M - a wand of digging (7)
Scrolls
 k - a scroll of identify
 q - 3 scrolls of teleportation
 t - a scroll of fog
 E - 3 scrolls of enchant armour
 I - 2 scrolls of fear
 X - a scroll of silence {unknown}
Potions
 a - a potion of lignification {unknown}
 g - 4 potions of curing
 i - 3 potions of brilliance
 o - a potion of haste
 x - 2 potions of invisibility
 z - 3 potions of flight
 G - a potion of might
 J - a potion of berserk rage
 P - a potion of mutation
Miscellaneous
 Z - a piece from Xom's chessboard (15/15)


   Skills:
 - Level 6.0 Fighting
 - Level 2.6(7.1) Short Blades
 + Level 10.4(10.6) Long Blades
 - Level 0.8 Ranged Weapons
 - Level 4.0 Throwing
 - Level 5.0 Armour
 - Level 5.0 Dodging
 - Level 2.0 Stealth
 - Level 6.0 Spellcasting
 - Level 4.0 Transmutations
 - Level 4.0 Fire Magic
 - Level 4.0 Poison Magic
 - Level 5.0 Evocations


You had 19 spell levels left.
You knew the following spells:

 Your Spells              Type           Power      Damage    Failure   Level
a - Ignite Poison         Fire/Tmut/Pois 14%        N/A       12%         3

Your spell library contained the following spells:

 Spells                   Type           Power      Damage    Failure   Level
 Sting                    Tmut/Pois      56%        1d5       3%          1
 Poisonous Vapours        Pois/Air       18%        N/A       13%         2
 Shock                    Conj/Air       12%        1d3       21%         1
 Mephitic Cloud           Conj/Pois/Air  7%         N/A       34%         3
 Olgreb's Toxic Radiance  Pois           14%        N/A       36%         4
 Confusing Touch          Hex            3%         N/A       52%         3
 Gell's Gravitas          Tloc           3%         N/A       52%         3
 Lesser Beckoning         Tloc           3%         N/A       52%         3
 Swiftness                Air            3%         N/A       52%         3
 Teleport Other           Tloc           3%         N/A       52%         3
 Airstrike                Air            1%         2d(1-17)  89%         4
 Passage of Golubria      Tloc           3%         N/A       89%         4
 Yara's Violent Unravell  Hex/Tmut       4%         3d4       94%         5
 Freezing Cloud           Conj/Ice/Air   1%         6-21      99%         5
 Silence                  Hex/Air        1%         N/A       99%         5
 Enfeeble                 Hex            1%         N/A       100%        7
 Lehudib's Crystal Spear  Conj/Erth      1%         10d2      100%        8


Dungeon Overview and Level Annotations

Branches:
Dungeon (11/15)            Temple (1/1) D:6            Lair (0/5) D:10
    Orc (0/2) D:11          IceCv (visited)

Altars:
Ashenzari
Cheibriados
Dithmenos
Fedhas
Gozag
Hepliaklqana
Kikubaaqudgha
Makhleb
Nemelex Xobeh
Okawaru
Qazlal
Ru
Sif Muna
Trog
Uskayaw
Vehumet
Wu Jian
Xom
Yredelemnul

Shops:
D:8 (=:!

Annotations:
D:9 3 runed translucent doors


Innate Abilities, Weirdness & Mutations

You are partially covered in large bone plates. (SH +4)
You sometimes gain power by taking damage.
You have a small tail.
Your skin changes colour to match your surroundings (Stealth+).
Your flesh is cold resistant. (rC+)
Armour fits poorly on your strangely shaped body.


Message History

The yak is no longer distracted by gold.
The yak bellows!
The yak is severely wounded.
The yak gores you.
The boulder beetle bites you but does no damage.
You slice the yak!!
You kill the yak!
You block the boulder beetle's attack.
You slash the yak! You tail-slap the yak.
The yak is moderately wounded.
The yak barely misses you. The boulder beetle barely misses you.
You barely miss the yak. You tail-slap the yak.
The yak is heavily wounded.
You block the yak's attack. The boulder beetle bites you!
You hit the yak. You tail-slap the yak.
The yak is heavily wounded.
You block the yak's attack. The boulder beetle bites you!
The yak is distracted by your dazzling golden aura.
The yak bellows!
Aiming: Corrosive Bolt
Press: ? - help, Q - select action, (/) - cycle Shift-Dir - straight line, f - boulder beetle
Aim: a boulder beetle (100% to hit)
The bolt of acid hits the boulder beetle!
The acid corrodes the boulder beetle!
The boulder beetle is lightly wounded.
The yak is no longer distracted by gold.
The yak gores you but does no damage. You block the boulder beetle's attack.
You fade into invisibility!
The yak gores you but does no damage. The boulder beetle bites you!!
* * * LOW HITPOINT WARNING * * *
Unknown command.
You feel better. You block the boulder beetle's attack.
You block the yak's attack.
As you read the scroll of teleportation, it crumbles to dust.
You feel strangely unstable. The yak gores you!
* * * LOW HITPOINT WARNING * * *
The boulder beetle closely misses you.
You feel better. The boulder beetle bites you!!
You die...
Your body crumbles into a pile of gold.

**,,* #............
**,* #######..#<## *,*
#..#.## *,* #...#..
*,*** ##.#.## *,,,*
#.#... ***,* #.####
####.######### #.####
*********#....YY@B....#
#.##..
,,,,,,,,,..##.#######.#
#....# *************,*
#.# #..### *,* #.#
###.### *,*
#.#####.....# *,*
#............ *,*
######....... *,*
#......#
*,***********#......#


You could see a boulder beetle (unable to see you, corroded) and 2 yaks.

Vanquished Creatures
  A reaper (IceCv)
  2 two-headed ogres
  An ice statue (IceCv)
  Psyche (D:10)
  An unseen horror (D:10)
  2 anaconda simulacra (IceCv)
  3 trolls
  A hornet (D:10)
  A dire elephant simulacrum (IceCv)
  Eustachio (D:6)
  14 yaks
  A basilisk (D:11)
  2 wraiths
  2 wyverns (D:9)
  Grum (D:10)
  A harpy simulacrum (IceCv)
  3 death yak simulacra (IceCv)
  3 acid dragons
  A water moccasin (D:6)
  A black bear (D:8)
  2 sky beasts
  4 orc warriors
  3 ice beasts
  An ogre (D:6)
  3 wolves (D:10)
  4 centaurs
  Blork the orc (D:6)
  A kobold brigand (D:9)
  3 bullfrogs
  A cane toad simulacrum (IceCv)
  5 scorpions
  6 two-headed ogre simulacra (IceCv)
  A necrophage (D:6)
  17 wights
  10 killer bees (D:9)
  An elephant simulacrum (IceCv)
  A howler monkey (D:8)
  10 hounds
  4 orc priests
  5 iguanas
  8 orc wizards
  8 troll simulacra (IceCv)
  4 polar bear simulacra (IceCv)
  2 spriggan simulacra (IceCv)
  4 gnolls (D:3)
  4 adders
  10 naga simulacra
  A shadow imp (D:8)
  6 white imps (IceCv)
  6 ufetubi (IceCv)
  A worm (D:2)
  2 dart slugs (D:1)
  18 orcs
  5 bats
  6 endoplasms
  4 giant cockroaches
  2 goblins
  8 hobgoblins
  3 jackals (D:4)
  4 kobolds
  3 quokkas
  4 ball pythons
  5 frilled lizards
  4 rats
248 creatures vanquished.

Vanquished Creatures (others)
  2 plants (D:2)
2 creatures vanquished.

Grand Total: 250 creatures vanquished

Notes
Turn   | Place    | Note
-------+----------+-------------------------------------------
     0 | D:1      | Newt the Demonspawn Gladiator began the quest for the Orb.
     0 | D:1      | Reached XP level 1. HP: 16/16 MP: 1/1
    43 | D:1      | Reached skill level 1 in Stealth
   266 | D:1      | Gained mutation: You sometimes gain a little power by
                  | taking damage. [demonic ancestry]
   266 | D:1      | Reached XP level 2. HP: 19/22 MP: 2/2
  1371 | D:2      | Gained mutation: You sometimes gain power by taking damage.
                  | [demonic ancestry]
  1371 | D:2      | Reached XP level 3. HP: 28/28 MP: 3/3
  2315 | D:3      | Reached XP level 4. HP: 22/37 MP: 4/4
  2765 | D:3      | Identified a scroll of acquirement
  2765 | D:3      | Acquired a +1 demon blade of venom
  2882 | D:3      | Found a burning altar of Makhleb.
  2882 | D:3      | Found an ornate altar of the Wu Jian Council.
  2995 | D:4      | Reached skill level 1 in Long Blades
  3004 | D:4      | Reached XP level 5. HP: 26/42 MP: 5/5
  3019 | D:4      | Reached skill level 2 in Long Blades
  3578 | D:4      | Reached skill level 3 in Long Blades
  4071 | D:5      | Entered Level 5 of the Dungeon
  4095 | D:5      | Reached XP level 6. HP: 36/48 MP: 6/6
  4233 | D:5      | Reached skill level 4 in Long Blades
  4370 | D:5      | Noticed a sky beast
  4382 | D:5      | Killed a sky beast
  4383 | D:5      | Reached skill level 5 in Long Blades
  4383 | D:5      | Gained mutation: You have a small tail. [demonic ancestry]
  4383 | D:5      | Reached XP level 7. HP: 38/54 MP: 7/7
  4516 | D:5      | Noticed a yak
  4547 | D:5      | Killed a yak
  4995 | D:5      | Identified the +6 rapier of the Dancing Gods {freeze, rPois
                  | rC- Int+2}
  5201 | D:5      | Reached skill level 1 in Armour
  5321 | D:6      | Noticed Blork the orc
  5330 | D:6      | Gained mutation: You are partially covered in large bone
                  | plates. (SH +4) [demonic ancestry]
  5330 | D:6      | Reached XP level 8. HP: 46/60 MP: 8/8
  5335 | D:6      | Killed Blork the orc
  5458 | D:6      | Found a staircase to the Ecumenical Temple.
  5489 | Temple   | Entered the Ecumenical Temple
  5598 | Temple   | Became a worshipper of Gozag Ym Sagoz the Greedy
  5699 | D:6      | Reached skill level 5 in Armour
  5761 | D:6      | Found a snail-covered altar of Cheibriados.
  5767 | D:6      | Found an iron altar of Okawaru.
  5770 | D:6      | Noticed Eustachio
  5774 | D:6      | Killed Eustachio
  6014 | D:6      | Reached skill level 5 in Evocations
  6014 | D:6      | Reached XP level 9. HP: 18/60 MP: 9/9
  6583 | D:7      | Reached skill level 5 in Dodging
  6583 | D:7      | Reached skill level 6 in Long Blades
  6865 | D:7      | Found a hazy altar of Hepliaklqana.
  6969 | D:8      | Found Itext's Antique Weapon Boutique.
  7244 | D:8      | Reached skill level 7 in Long Blades
  7249 | D:8      | Found Gonuegigu's Book Boutique.
  7477 | D:8      | Identified the +11 mace of Midnight {vorpal, rElec rPois
                  | rF++ rC-}
  7499 | D:8      | Reached skill level 8 in Long Blades
  7513 | D:8      | Reached XP level 10. HP: 66/71 MP: 10/10
  7617 | D:8      | Found Zuicwyna's Distillery.
  7690 | D:8      | Reached skill level 5 in Fighting
  7768 | D:8      | Found Dijafagh's Jewellery Boutique.
  7771 | D:8      | Bought a ring of see invisible for 225 gold pieces
  7771 | D:8      | Bought a ring of poison resistance for 300 gold pieces
  7978 | D:8      | Bought a potion of attraction for 42 gold pieces
  7978 | D:8      | Bought a potion of heal wounds for 70 gold pieces
  7978 | D:8      | Bought a potion of mutation for 112 gold pieces
  8234 | D:9      | Reached skill level 1 in Fire Magic
  8553 | D:9      | Reached skill level 1 in Spellcasting
  9053 | D:9      | Noticed a two-headed ogre
  9103 | D:9      | Killed a two-headed ogre
  9108 | D:9      | Reached skill level 1 in Poison Magic
  9516 | D:9      | Found a runed translucent door.
  9516 | D:9      | Found a runed translucent door.
  9516 | D:9      | Found a runed translucent door.
  9516 | D:9      | Noticed a manticore
  9516 | D:9      | Noticed a cyclops
  9516 | D:9      | Noticed a centaur warrior
  9516 | D:9      | Noticed a centaur warrior
  9785 | D:10     | Entered Level 10 of the Dungeon
  9785 | D:10     | Noticed a two-headed ogre
  9796 | D:10     | Killed a two-headed ogre
  9839 | D:10     | Reached skill level 1 in Transmutations
  9839 | D:10     | Reached XP level 11. HP: 58/81 MP: 17/17
 10149 | D:10     | Found a hide-covered altar of Uskayaw.
 10149 | D:10     | Noticed Grum
 10169 | D:10     | Killed Grum
 10368 | D:10     | Learned a level 3 spell: Ignite Poison
 10428 | D:10     | Noticed Psyche
 10436 | D:10     | Killed Psyche
 10568 | D:10     | Paralysed by a hornet for 3 turns
 10855 | D:10     | Reached skill level 5 in Spellcasting
 10959 | D:10     | Found a staircase to the Lair.
 11014 | D:10     | Found a sacrificial altar of Ru.
 11014 | D:10     | Found a stormy altar of Qazlal.
 11128 | D:11     | Gained mutation: Armour fits poorly on your strangely
                  | shaped body. [potion of mutation]
 11128 | D:11     | Gained mutation: Your skin changes colour to match your
                  | surroundings (Stealth+). [potion of mutation]
 11128 | D:11     | Gained mutation: Your flesh is cold resistant. (rC+)
                  | [potion of mutation]
 11131 | D:11     | Found a frozen archway.
 11152 | IceCv    | Entered an ice cave
 11354 | IceCv    | Identified the +1 leather armour of Vuecla {Int+3 SInv}
 11423 | IceCv    | Found the +9 sword of Zonguldrok {reap}
 11627 | IceCv    | Reached skill level 9 in Long Blades
 11861 | IceCv    | Noticed a reaper
 11881 | IceCv    | Killed a reaper
 12210 | IceCv    | Reached skill level 10 in Long Blades
 13204 | D:11     | Noticed a boulder beetle
 13220 | D:11     | Mangled by a boulder beetle

Illustrated notes

Levels and vault maps discovered:
D:1:      kennysheep_arrival_seaside, layout_loops_cross
D:2:      layout_basic, serial_bayou_pond_c
D:3:      layout_rooms, gammafunk_temple_overflow_pools
D:4:      layout_cave_pools, serial_rivers, chequers_serial_rivers_micro_d,
          chequers_serial_rivers_small_3, chequers_serial_rivers_micro_a,
          chequers_serial_rivers_room_b, chequers_serial_rivers_large_a
D:5:      kennysheep_big_flooded_room, layout_loops_ring
D:6:      layout_cave_pools, grunt_temple_overflow_open,
          minmay_temple_entry_junction, uniq_eustachio, uniq_blork_the_orc
D:7:      layout_cave_pools, lemuel_doored_altar
D:8:      layout_rooms, serial_shops, nicolae_inconvenience_store,
          kennysheep_mini, nicolae_shop_advertising_works
          [nicolae_subvault_shop_adworks], shop
D:9:      minmay_the_grid_triangle_9x9_rhombus_full
          [minmay_the_grid_triangle_9x9_swiss_cheese,
          minmay_the_grid_triangle_9x9_checkered,
          minmay_the_grid_triangle_9x9_cache,
          minmay_the_grid_triangle_9x9_fully_insulated_deathbox,
          minmay_the_grid_triangle_9x9_wacky_v,
          minmay_the_grid_triangle_9x9_descending_squares,
          minmay_the_grid_triangle_9x9_minimal,
          minmay_the_grid_triangle_9x9_prize_special], layout_rooms
D:10:     layout_rooms, gammafunk_temple_overflow_statue, lemuel_tele_altar,
          lair_entry_dummy, uniq_psyche, uniq_grum
D:11:     layout_loops_ring, minmay_orc_entry_guard_dogs,
          portal_ice_cave_entry_ice_simulacra
Temple:   zaba_magenta_temple

Skill      XL: |  1  2  3  4  5  6  7  8  9 10 11 |
---------------+----------------------------------+-----
Stealth        | 1 2 |  2.0
Fighting       | 3 4 6 |  6.0
Long Blades    | 1 3 5 8 10 | 10.4
Throwing       | 4 |  4.0
Armour         | 2 5 |  5.0
Evocations     | 5 |  5.0
Dodging        | 5 |  5.0
Fire Magic     | 4 |  4.0
Spellcasting   | 4 6 |  6.0
Poison Magic   | 4 |  4.0
Transmutations | 1 4 |  4.0
Short Blades   | |  2.6
Ranged Weapons | |  0.8

Action                   |  1- 3 |  4- 6 |  7- 9 | 10-12 || total
-------------------------+-------+-------+-------+-------++-------
Melee: Rapier            |    90 |       |       |       ||    90
       Falchion          |    25 |     9 |       |       ||    34
       Demon blade       |       |    89 |   201 |   253 ||   543
       Punch             |       |     1 |     3 |     8 ||    12
       Tailslap          |       |       |    28 |    76 ||   104
       Double sword      |       |       |       |   107 ||   107
 Fire: Sling             |    59 |    20 |       |       ||    79
Throw: Throwing net      |     1 |     1 |       |     5 ||     7
       Dart              |       |       |     3 |     7 ||    10
       Javelin           |       |       |     2 |     1 ||     3
       Boomerang         |       |       |       |     7 ||     7
Evoke: Wand              |       |       |     4 |     6 ||    10
  Use: Scroll            |     8 |     4 |       |     8 ||    20
       Potion            |       |       |       |    11 ||    11
 Stab: Sleeping          |     2 |     2 |       |     2 ||     6
       Held in net/web   |     1 |       |       |     1 ||     2
       Distracted        |       |       |       |     1 ||     1
Armor: Leather armour    |    42 |    19 |       |    24 ||    85
       Chain mail        |       |    25 |   129 |    87 ||   241
Dodge: Dodged            |    70 |    67 |    66 |   111 ||   314
Block: Other             |       |       |    19 |   133 ||   152
       Reflection        |       |       |       |     2 ||     2

Table legend: (Time is in decaauts)
 A = Elapsed time spent in this place.
 B = Non-inter-level travel time spent in this place.
 C = Inter-level travel time spent in this place.
 D = Time resting spent in this place.
 E = Time spent auto-exploring this place.
 F = Levels seen in this place.
 G = Mean time per level.
                   A        B        C        D        E       F      G
               +--------+--------+--------+--------+--------+-----+--------+
         Total |  13228 |  12897 |    331 |   3446 |   7354 |  13 | 1017.5 |
       Dungeon |  11243 |  10955 |    288 |   2588 |   6724 |  11 | 1022.1 |
        Temple |    122 |     79 |     43 |      0 |     74 |   1 |  122.0 |
      Ice Cave |   1862 |   1862 |      0 |    858 |    556 |   1 | 1862.0 |
               +--------+--------+--------+--------+--------+-----+--------+

Top non-repeatable levels by time:
   IceCv: 1862 daAuts
     D:9: 1841 daAuts
     D:5: 1230 daAuts
     D:3: 1196 daAuts
     D:4: 1132 daAuts
     D:6: 1085 daAuts
    D:10: 1075 daAuts
     D:8: 947 daAuts
     D:1: 945 daAuts
     D:2: 870 daAuts
     D:7: 689 daAuts
    D:11: 228 daAuts
  Temple: 122 daAuts
